 Dungeon Crawl Stone Soup version 0.23.2-40-g277498a001 (webtiles) character file.

Game seed: 18422386123105072229

443 Martska the Chopper (level 6, -11/57 HPs)
             Began as a Minotaur Berserker on Oct 1, 2019.
             Was a Believer of Trog.
             Killed by divine providence
             ... invoked by an orc priest
              (15 damage)
             ... on level 4 of the Dungeon.
             The game lasted 00:06:45 (1970 turns).

Martska the Chopper (Minotaur Berserker)            Turns: 1970, Time: 00:06:47

Health: -11/57     AC:  7    Str: 23    XL:     6   Next: 71%
Magic:  5/5        EV: 11    Int:  4    God:    Trog [**....]
Gold:   182        SH:  0    Dex: 10    Spells: 5/5 levels left

rFire    . . .     SeeInvis .   a - +0 hand axe
rCold    . . .     Gourm    .   (no shield)
rNeg     . . .     Faith    .   g - +0 ring mail
rPois    .         Spirit   .   (helmet restricted)
rElec    .         Reflect  .   (no cloak)
rCorr    .         Harm     +   (no gloves)
MR       ++...                  p - +0 pair of boots
Stlth    +.........             n - amulet of harm
HPRegen  1.19/turn              (no ring)
MPRegen  0.09/turn              (no ring)

@: lethally poisoned (-11 -> -11), berserk cooldown, starving, regenerating,
slowed, very slow
A: retaliatory headbutt, horns 2
a: Berserk, Trog's Hand, Renounce Religion


You were on level 4 of the Dungeon.
You worshipped Trog.
Trog was pleased with you.
You were starving.

You visited 1 branch of the dungeon, and saw 4 of its levels.

You collected 182 gold pieces.

Inventory:

Hand Weapons
 a - a +0 hand axe (weapon)
 i - a +0 scythe
Armour
 b - a +0 animal skin
 g - a +0 ring mail (worn)
 k - a +0 robe
 l - a +0 plate armour
 p - a +0 pair of boots (worn)
Jewellery
 n - an amulet of harm (around neck)
Scrolls
 e - 3 scrolls of identify {unknown}
 f - a scroll of fear {unknown}
 h - a scroll of immolation {unknown}
 j - a scroll of fog {unknown}
 o - a scroll of amnesia {unknown}
 r - a scroll of remove curse {unknown}
Potions
 d - a potion of brilliance {unknown}
 m - a potion of resistance {unknown}
 q - 2 potions of mutation {unknown}
Comestibles
 c - 4 rations


   Skills:
 * Level 6.1 Fighting
 * Level 6.8 Axes
 * Level 4.1 Armour
 - Level 2.3 Dodging
 + Level 0.3 Stealth


You had 5 spell levels left.
You didn't know any spells.
Your spell library was empty.

Dungeon Overview and Level Annotations

Branches:
Dungeon (4/15)
 Temple: D:4-7

Altars:
Gozag
Makhleb


Innate Abilities, Weirdness & Mutations

You reflexively headbutt those who attack you in melee.
You have a pair of horns on your head.


Message History

You headbutt the adder!
You kill the adder!
Trog accepts your kill.
The orc priest hits you from afar with a cursed -1 trident.
The orc priest mumbles some strange prayers to Beogh against you.
Beogh smites you!
* * * LOW HITPOINT WARNING * * *
Your skin crawls.
You feel resistant to hostile enchantments.
You are starving!
You feel sick.
The orc priest hits you from afar with a cursed -1 trident.
* * * LOW HITPOINT WARNING * * *
An orc comes into view.
You feel sick.
The orc shouts!
You hear a shout!
The orc priest closely misses you. The orc closely misses you.
The orc priest invokes the aid of Beogh against you.
Beogh smites you!
You die...

##......#.....
###.##...#.....
.... ##..#.....
...).##........
.....#....#....
....o....## ...
...##....### ..
. #.oo$$.# .
###@..###
#.....# ##..###
###


You could see an orc priest and 2 orcs.

Vanquished Creatures
  Sigmund (D:2)
  An ogre (D:4)
  A hound (D:2)
  A bullfrog skeleton (D:4)
  5 adders
  An ooze (D:2)
  4 worms
  2 dart slugs
  6 leopard geckos
  2 orcs (D:4)
  A ball python (D:1)
  7 bats
  3 giant cockroaches
  6 goblins
  6 hobgoblins
  5 kobolds
  A quokka (D:2)
  7 frilled lizards
  9 rats
69 creatures vanquished.

Notes
Turn   | Place    | Note
-------+----------+-------------------------------------------
     0 | D:1      | Martska the Minotaur Berserker began the quest for the Orb.
     0 | D:1      | Reached XP level 1. HP: 19/19 MP: 0/0
    66 | D:1      | Reached XP level 2. HP: 20/27 MP: 1/1
   582 | D:1      | Reached XP level 3. HP: 34/34 MP: 2/2
   682 | D:2      | Reached ** piety under Trog
   771 | D:2      | Noticed Sigmund
   854 | D:2      | Killed Sigmund
   854 | D:2      | Reached skill level 5 in Fighting
   854 | D:2      | Reached skill level 5 in Axes
   854 | D:2      | Reached XP level 4. HP: 39/44 MP: 3/3
   854 | D:2      | Reached XP level 5. HP: 44/50 MP: 4/4
  1111 | D:2      | Found a burning altar of Makhleb.
  1273 | D:2      | Reached XP level 6. HP: 57/57 MP: 5/5
  1659 | D:3      | Found an opulent altar of Gozag.
  1970 | D:4      | Killed from afar by an orc priest

Skill      XL: |  1  2  3  4  5  6 |
---------------+-------------------+-----
Fighting       | 4 5 6 |  6.1
Axes           | 4 5 6 |  6.8
Armour         | 3 4 |  4.1
Dodging        | |  2.3
Stealth        | |  0.3

Action                   |  1- 3 |  4- 6 || total
-------------------------+-------+-------++-------
Melee: Hand axe          |    50 |    77 ||   127
       Headbutt          |    11 |    12 ||    23
Invok: Berserk           |     1 |     2 ||     3
       Trog's Hand       |       |     2 ||     2
  Use: Potion            |     3 |       ||     3
  Eat: Ration            |       |     1 ||     1
       Chunk             |       |     1 ||     1
Armor: Animal skin       |     5 |       ||     5
       Ring mail         |    10 |    29 ||    39
       Skin              |    19 |       ||    19
Dodge: Dodged            |    32 |    51 ||    83
